 Dungeon Crawl Stone Soup version 0.17.1-1-g73c8601 (webtiles) character file.

41122 Implojin the Brawler (level 13, -1/110 HPs)
             Began as a Troll Fighter on Apr 6, 2016.
             Was a High Priest of Okawaru.
             Slain by an ettin
             ... wielding a +0 dire flail
              (27 damage)
             ... on level 1 of the Depths.
             The game lasted 00:38:46 (3604 turns).

Implojin the Brawler (Troll Fighter)                Turns: 3604, Time: 00:38:46

Health: -1/110     AC: 18    Str: 29    XL:     13   Next: 78%
Magic:  12/18      EV: 16    Int:  4    God:    Okawaru [*****.]
Gold:   554        SH: 12    Dex: 13    Spells: 0 memorised, 12 levels left

rFire  . . .     SeeInvis .       - Unarmed
rCold  . . .     Clarity  .     t - +8 steam dragon armour of Untruth {rCorr Stlth+, okay then}
rNeg   . . .     SustAt   .     b - +1 shield
rPois  +         Gourm    +     (helmet restricted)
rElec  .         Spirit   .     C - +0 cloak
rCorr  +         Warding  .     (gloves unavailable)
rMut   .         Rnd*Tele +     (boots unavailable)
MR     .....                    (no amulet)
Stlth  +++.......               r - ring "Xodex" {rPois EV+3 Str+2}
                                c - ring of teleportation (curse)

@: heroism, finesse, very slightly contaminated, slowed, very slow, not
resistant to hostile enchantments, fairly stealthy
A: unfitting armour, claws 3, fast metabolism 3, gourmand, regeneration 2,
shaggy fur 1, tough skin 2
a: Heroism, Finesse, Renounce Religion, Evoke Teleportation


You were on level 1 of the Depths.
You worshipped Okawaru.
Okawaru was extremely pleased with you.
You were very full.

You visited 3 branches of the dungeon, and saw 17 of its levels.

You collected 581 gold pieces.
You spent 27 gold pieces at shops.

Inventory:

Hand Weapons
 h - a +1 blowgun
Missiles
 g - 9 tomahawks (quivered)
 k - 3 tomahawks of returning
Armour
 b - a +1 shield (worn)
 t - the +8 steam dragon armour of Untruth (worn) {rCorr Stlth+, okay then}
   (Okawaru gifted it to you on level 10 of the Dungeon)

   It protects you from acid and corrosion.
   It makes you more stealthy.
 u - a +0 shield
 y - a +0 large shield
 C - a +0 cloak (worn)
 F - a troll hide
 G - a steam dragon hide
Jewellery
 c - a cursed ring of teleportation (left claw)
 r - the ring "Xodex" (right claw) {rPois EV+3 Str+2}
   (You found it on level 9 of the Dungeon)

   [ring of evasion]

   It affects your evasion (+3).
   It affects your strength (+2).
   It protects you from poison.
 v - an uncursed ring of ice {unknown}
Wands
 o - a wand of lightning (15)
 w - a wand of disintegration (11)
 E - a wand of random effects (33)
Scrolls
 s - 2 scrolls of random uselessness
 B - a scroll of amnesia
Potions
 a - 2 potions of brilliance
 e - a potion of curing
 m - a potion of resistance {unknown}
 x - a potion of berserk rage {unknown}
Books
 j - a book of Conjurations

   Spells                             Type                      Level
   a - Magic Dart                     Conjuration                  1
   b - Searing Ray                    Conjuration                  2
   c - Dazzling Spray                 Conjuration/Hexes            3
   d - Fulminant Prism                Conjuration/Hexes            4
   e - Iskenderun's Mystic Blast      Conjuration                  4
   f - Iskenderun's Battlesphere      Conjuration/Charms           5
Comestibles
 d - 8 bread rations
 f - 5 meat rations
 i - 2 fruits
 q - a slice of pizza
 A - a beef jerky
 D - 7 chunks of flesh


   Skills:
 - Level 2.4(7.4) Fighting
 - Level 2.4(7.4) Dodging
 - Level 2.4(7.4) Shields
 * Level 20.5(25.5) Unarmed Combat
 - Level 8.0 Invocations


You had 12 spell levels left.
You didn't know any spells.

Dungeon Overview and Level Annotations

Branches:
Dungeon (15/15)            Temple (1/1) D:4            Lair (0/8) D:9
    Orc (0/4) D:9          Vaults (0/5) D:14         Depths (1/5) D:15

Altars:
Ashenzari
Cheibriados
Fedhas
Gozag
Kikubaaqudgha
Makhleb
Nemelex Xobeh
Okawaru
Ru
Sif Muna
Vehumet
Beogh

Shops:
D:5 !*

Annotations:
D:15 exclusion: upstairs


Innate Abilities, Weirdness & Mutations

You are too large for most types of armour.
You have claws for hands.
Your metabolism is lightning-fast.
You like to eat raw meat.
You heal very quickly.
You are covered in fur (AC +1).
You have very tough skin (AC +2).


Message History

The ogre is severely wounded.
You block the ogre's attack.
You can now deal lightning-fast blows.
You feel somewhat less full. The ogre misses you. You block the ogre's attack.
Unknown command.
Unknown command.
Unknown command.
You mangle the ogre!!
You kill the ogre!
Okawaru accepts your kill. You block the ogre's attack.
Read which item? (? for menu, Esc to quit)
Okay, then.
Drink which item? (? for menu, Esc to quit)
Okay, then.
You scratch the ogre.
The ogre is lightly wounded.
You mangle the ogre!!
You kill the ogre!
Okawaru accepts your kill.
The flayed ghost stares at you with tortured malice.
You scratch the ettin.
The ettin is lightly wounded.
Drink which item? (? for menu, Esc to quit)
Okay, then.
Read which item? (? for menu, Esc to quit)
Okay, then.
Okay, then.
You scratch the ettin but do no damage.
The ettin is lightly wounded.
You block the ettin's attack. The ettin closely misses you.
You barely miss the ettin.
The ettin is lightly wounded.
The flayed ghost stares at you with tortured malice.
You claw the ettin!
The ettin is lightly wounded.
You scratch the ettin.
The ettin is lightly wounded.
The ettin hits you with a dire flail!!
You die...

##...... #....#..
#....###.# #....#
.. ##. #..##
##..#.. #.# #...##
#..### ###..C..# #
#....# #......O..#
#...@###......O O##
##..)C#.....#
.O.#.. ##...(W..#
#.O.O
######.#####..##c#.
#.....OO......
####.O..O.....
#.####..... #.#
#### #.#


You could see an ettin and a flayed ghost.

Vanquished Creatures
  A lich (Depths:1)
  A stone giant (D:15)
  2 very ugly things (Depths:1)
  A salamander stormcaller (D:15)
  2 fire dragons (Depths:1)
  3 hydras
  3 ogre magi
  2 catoblepae
  3 centaur warriors
  A tengu warrior (D:15)
  The ghost of Implojin the Grappler, a novice TrMo (D:8)
  3 hell knights
  2 wizards
  Pikel (D:5)
  4 hill giants
  An orc knight (D:15)
  2 griffons
  A manticore (D:15)
  3 cyclopes
  10 ugly things
  A salamander (shapeshifter) (D:15)
  Maurice (D:13)
  A komodo dragon (shapeshifter) (D:15)
  4 gargoyles
  A deep elf priest (D:10)
  4 trolls
  2 two-headed ogres (Depths:1)
  Prince Ribbit (D:8)
  3 slime creatures (D:12)
  A hog (shapeshifter) (D:13)
  A deep elf fighter (D:9)
  A shadow (D:11)
  A vampire (D:14)
  4 deep elf magi
  2 hippogriffs
  A basilisk (D:12)
  3 wyverns
  A vampire mosquito (D:10)
  3 hungry ghosts
  A hippogriff (shapeshifter) (D:14)
  A yak (D:9)
  9 orc warriors
  2 eyes of draining
  3 phantoms
  4 slaves (D:5)
  A necrophage (D:10)
  A wasp (D:10)
  12 centaurs
  9 ogres
  18 big kobolds
  A crocodile (D:9)
  2 giant frogs
  2 wyvern zombies
  7 killer bees (D:8)
  A scorpion (D:12)
  4 crimson imps
  2 centaur zombies
  2 iguanas
  7 orc wizards
  4 jellies
  5 hounds
  2 centaur skeletons
  2 giant frog skeletons
  5 worker ants
  3 orc priests
  A giant frog simulacrum (D:10)
  3 sheep (D:15)
  A hound zombie (D:8)
  A hound skeleton (D:7)
  3 river rats (D:9)
  3 adders
  2 shadow imps (D:10)
  3 giant geckos
  24 orcs
  A ball python (D:3)
  2 giant cockroaches
  2 hobgoblins
  18 kobolds
  3 quokkas
  7 bats (D:9)
  3 goblins
  A quokka zombie (D:9)
  7 rats
278 creatures vanquished.

Vanquished Creatures (others)
  A steam dragon (D:15)
  2 centaurs (D:15)
3 creatures vanquished.

Grand Total: 281 creatures vanquished

Notes
Turn   | Place    | Note
--------------------------------------------------------------
     0 | D:1      | Implojin the Troll Fighter began the quest for the Orb.
     0 | D:1      | Reached XP level 1. HP: 22/22 MP: 0/0
   122 | D:2      | Reached XP level 2. HP: 29/29 MP: 1/1
   197 | D:3      | Reached skill level 3 in Unarmed Combat
   231 | D:4      | Found a staircase to the Ecumenical Temple.
   252 | Temple   | Entered the Ecumenical Temple
   264 | Temple   | Became a worshipper of Warmaster Okawaru
   285 | D:5      | Entered Level 5 of the Dungeon
   289 | D:5      | Found Poan's Assorted Antiques.
   299 | D:5      | Bought a scroll labeled CESUICEGIS for 27 gold pieces
   312 | D:5      | Found Nupsor's Distillery.
   315 | D:5      | Reached XP level 3. HP: 36/36 MP: 2/2
   365 | D:5      | Noticed an ogre
   371 | D:5      | Killed an ogre
   371 | D:5      | Reached * piety under Okawaru
   371 | D:5      | Reached skill level 4 in Unarmed Combat
   371 | D:5      | Reached XP level 4. HP: 44/44 MP: 3/3
   373 | D:5      | Noticed a slave
   374 | D:5      | Noticed Pikel
   376 | D:5      | Noticed a slave
   377 | D:5      | Noticed a slave
   386 | D:5      | Noticed a slave
   389 | D:5      | Killed Pikel
   389 | D:5      | Reached ** piety under Okawaru
   389 | D:5      | Reached *** piety under Okawaru
   389 | D:5      | Reached skill level 7 in Unarmed Combat
   389 | D:5      | Reached XP level 5. HP: 50/50 MP: 1/4
   389 | D:5      | Reached XP level 6. HP: 59/59 MP: 1/5
   389 | D:5      | Reached XP level 7. HP: 66/66 MP: 1/6
   391 | D:5      | Killed a freed slave
   394 | D:5      | Killed a freed slave
   395 | D:5      | Killed a freed slave
   396 | D:5      | Reached skill level 8 in Unarmed Combat
   404 | D:5      | Killed a freed slave
   437 | D:5      | Noticed a centaur
   448 | D:5      | Killed a centaur
   515 | D:7      | Reached **** piety under Okawaru
   515 | D:7      | Reached skill level 9 in Unarmed Combat
   538 | D:8      | Reached XP level 8. HP: 67/74 MP: 4/7
   567 | D:8      | Noticed Prince Ribbit
   618 | D:8      | Reached skill level 10 in Unarmed Combat
   755 | D:9      | Found a staircase to the Orcish Mines.
   757 | D:10     | Entered Level 10 of the Dungeon
   825 | D:8      | Reached skill level 11 in Unarmed Combat
   891 | D:9      | Found a sparkling altar of Nemelex Xobeh.
   928 | D:8      | Reached XP level 9. HP: 56/80 MP: 6/8
   963 | D:8      | Reached skill level 12 in Unarmed Combat
  1011 | D:8      | Noticed Implojin's ghost (novice TrMo)
  1018 | D:8      | Killed Prince Ribbit
  1018 | D:8      | Reached skill level 13 in Unarmed Combat
  1023 | D:8      | Killed Implojin's ghost
  1023 | D:8      | Reached ***** piety under Okawaru
  1055 | D:8      | Reached XP level 10. HP: 68/88 MP: 9/9
  1074 | D:8      | Found an ancient bone altar of Kikubaaqudgha.
  1117 | D:9      | Found a roughly hewn altar of Beogh.
  1120 | D:9      | Reached skill level 14 in Unarmed Combat
  1225 | D:9      | Found a staircase to the Lair.
  1284 | D:9      | Got an ancient silver ring
  1285 | D:9      | Identified the ring "Xodex" {rPois EV+3 Str+2} (You found it on level 9 of the Dungeon)
  1423 | D:10     | Noticed a gargoyle
  1431 | D:10     | Killed a gargoyle
  1431 | D:10     | Reached skill level 15 in Unarmed Combat
  1434 | D:10     | Noticed a centaur warrior
  1443 | D:10     | Killed a centaur warrior
  1443 | D:10     | Reached skill level 3 in Invocations
  1449 | D:10     | Noticed a deep elf priest
  1459 | D:10     | Reached skill level 4 in Invocations
  1462 | D:10     | Killed a deep elf priest
  1474 | D:10     | Reached skill level 5 in Invocations
  1533 | D:10     | Received a gift from Okawaru
  1534 | D:10     | Got an encrusted steam dragon armour {god gift}
  1547 | D:10     | Identified the +8 steam dragon armour of Untruth {rCorr Stlth+} (Okawaru gifted it to you on level 10 of the Dungeon)
  1717 | D:12     | Reached XP level 11. HP: 75/94 MP: 12/14
  1737 | D:12     | Noticed a hill giant
  1743 | D:12     | Killed a hill giant
  1743 | D:12     | Reached skill level 6 in Invocations
  1892 | D:12     | Noticed a white ugly thing
  1906 | D:12     | Killed a white ugly thing
  1938 | D:11     | Reached skill level 7 in Invocations
  1958 | D:12     | Noticed a cyclops
  1966 | D:12     | Killed a cyclops
  2017 | D:12     | Reached skill level 8 in Invocations
  2174 | D:13     | Noticed Maurice
  2191 | D:13     | Killed Maurice
  2302 | D:13     | Noticed a five-headed hydra
  2325 | D:13     | Killed a five-headed hydra
  2329 | D:13     | Reached skill level 16 in Unarmed Combat
  2410 | D:13     | Noticed a centaur warrior
  2429 | D:13     | Killed a centaur warrior
  2496 | D:14     | Noticed a catoblepas
  2507 | D:14     | Killed a catoblepas
  2507 | D:14     | Reached XP level 12. HP: 81/104 MP: 14/17
  2554 | D:15     | Entered Level 15 of the Dungeon
  2562 | D:14     | Noticed a war gargoyle
  2701 | D:14     | Noticed a hill giant
  2714 | D:14     | Killed a hill giant
  2719 | D:14     | Reached skill level 17 in Unarmed Combat
  2743 | D:14     | Noticed a six-headed hydra
  2750 | D:14     | Killed a six-headed hydra
  2778 | D:14     | Noticed a wizard
  2791 | D:14     | Killed a wizard
  2819 | D:14     | Found a gate to the Vaults.
  2899 | D:15     | Received a gift from Okawaru
  2932 | D:15     | Noticed a catoblepas
  2938 | D:15     | Reached ****** piety under Okawaru
  2938 | D:15     | Reached skill level 18 in Unarmed Combat
  2939 | D:15     | Noticed a seven-headed hydra
  2948 | D:15     | Killed a catoblepas
  2951 | D:15     | Killed a seven-headed hydra
  3047 | D:15     | Noticed an ogre mage
  3060 | D:15     | Found a staircase to the Depths.
  3073 | D:15     | Killed an ogre mage
  3077 | D:15     | Received a gift from Okawaru
  3099 | D:15     | Noticed an ogre mage
  3112 | D:15     | Reached XP level 13. HP: 89/110 MP: 12/18
  3126 | D:15     | Killed an ogre mage
  3149 | Depths:1 | Entered Level 1 of the Depths
  3149 | Depths:1 | Noticed a stone giant
  3209 | D:15     | Noticed a salamander stormcaller
  3240 | D:15     | Noticed a centaur warrior
  3247 | D:15     | Killed a centaur warrior
  3247 | D:15     | Reached skill level 19 in Unarmed Combat
  3252 | D:15     | Found a burning altar of Makhleb.
  3268 | D:15     | Killed a salamander stormcaller
  3390 | D:15     | Killed a stone giant
  3441 | Depths:1 | Noticed a brown very ugly thing
  3451 | Depths:1 | Killed a brown very ugly thing
  3451 | Depths:1 | Received a gift from Okawaru
  3465 | Depths:1 | Noticed a lich
  3466 | Depths:1 | Noticed a brown very ugly thing
  3480 | Depths:1 | Killed a lich
  3500 | Depths:1 | Killed a brown very ugly thing
  3500 | Depths:1 | Reached skill level 20 in Unarmed Combat
  3517 | Depths:1 | Received a gift from Okawaru
  3535 | Depths:1 | Received a gift from Okawaru
  3604 | Depths:1 | Slain by an ettin

Action                   |  1- 3 |  4- 6 |  7- 9 | 10-12 | 13-15 || total
-------------------------+-------+-------+-------+-------+-------++-------
Melee: Unarmed           |    48 |     3 |   221 |   462 |   142 ||   876
Throw: Tomahawk          |       |     1 |     3 |    25 |    11 ||    40
       Large rock        |       |       |       |    17 |    11 ||    28
       Throwing net      |       |       |       |       |     1 ||     1
Invok: Heroism           |       |     1 |    10 |    21 |     4 ||    36
       Finesse           |       |       |       |     7 |     4 ||    11
  Use: Scroll            |     1 |       |     6 |    10 |     1 ||    18
       Potion            |     1 |       |       |       |     5 ||     6
 Stab: Distracted        |       |       |     1 |       |       ||     1
       Sleeping          |       |       |       |     2 |       ||     2
       Invisible         |       |       |       |       |     4 ||     4
  Eat: Chunk             |     5 |     2 |     6 |    21 |     6 ||    40

Table legend:
 A = Turns spent in this place as a percentage of turns spent in the entire game.
 B = Non-inter-level travel turns spent in this place as a percentage of non-inter-level travel turns spent in the entire game.
 C = Inter-level travel turns spent in this place as a percentage of turns spent in this place.
 D = Turns resting spent in this place as a percentage of non-inter-level travel turns spent in this place.
 E = Turns spent auto-exploring this place as a percentage of non-inter-level travel turns spent in this place.
 F = Non-inter-level travel turns spent in this place divided by the number of levels of this place that you've seen.
                   A       B       C       D       E      F
               +-------+-------+-------+-------+-------+----------------------
         Total | 100.0 | 100.0 |   0.0 |   0.0 |   0.0 | 210.5
       Dungeon |  92.3 |  92.3 |   0.0 |   0.0 |   0.0 | 220.1
        Temple |   0.7 |   0.7 |   0.0 |   0.0 |   0.0 |  26.0
        Depths |   7.0 |   7.0 |   0.0 |   0.0 |   0.0 | 251.0
               +-------+-------+-------+-------+-------+----------------------

Table legend:
 A = Kills in this place as a percentage of kills in entire the game.
 B = Kills by you in this place as a percentage of kills by you in the entire game.
 C = Kills by friends in this place as a percentage of kills by friends in the entire game.
 D = Other kills in this place as a percentage of other kills in the entire game.
 E = Experience gained in this place as a percentage of experience gained in the entire game.
 F = Experience gained in this place divided by the number of levels of this place that you have seen.
                   A       B       C       D       E      F
               +-------+-------+-------+-------+-------+----------------------
         Total | 100.0 | 100.0 |  -nan | 100.0 | 100.0 | 3455.7
       Dungeon |  91.6 |  91.6 |  -nan | 100.0 |  73.1 | 2864.5
        Depths |   8.4 |   8.4 |  -nan |   0.0 |  26.9 | 15780.0
               +-------+-------+-------+-------+-------+----------------------
